 Dungeon Crawl Stone Soup version 0.13-a0-1606-g53bcbbc (webtiles) character file.

3035 Medar the Quickloader (level 9, -1/72 HPs)
             Began as a Djinni Arcane Marksman on June 12, 2013.
             Was an Initiate of the Shining One.
             Slain by a trapdoor spider (10 damage)
             ... on Level 7 of the Dungeon on June 14, 2013.
             The game lasted 00:57:44 (8902 turns).

Medar the Quickloader (Djinni Arcane Marksman)      Turns: 8902, Time: 00:57:44

HP  -1/72        AC  5     Str 11      XL: 9   Next: 37%
MP   0/0         EV 11     Int 17      God: the Shining One [......]
Gold 366         SH  0     Dex 16      Spells:  4 memorised,  3 levels left

Res.Fire  : + + +   See Invis. : .   b - +2,+0 crossbow
Res.Cold  : x . .   Warding    : .   U - +0 leather armour
Life Prot.: + + +   Conserve   : .   (no shield)
Res.Poison: .       Res.Corr.  : .   J - +0 cap
Res.Elec. : .       Clarity    : .   P - +1 cloak
Sust.Abil.: + .     Spirit.Shd : .   (no gloves)
Res.Mut.  : .       Stasis     : .   (boots unavailable)
Res.Rott. : .       Flight     : .   (no amulet)
Saprovore : . . .                    y - ring of sustain abilities
                                     n - +3 ring of dexterity

@: mildly poisoned, very slightly contaminated, slightly resistant to hostile
enchantments, unstealthy
A: no striking features
a: Renounce Religion


You were on level 7 of the Dungeon.
You worshipped the Shining One. the Shining One was noncommittal.
You were not hungry.

You visited 2 branches of the dungeon, and saw 8 of its levels.

You collected 316 gold pieces.

Inventory:

Hand weapons
 a - a +2,+0 whip of flaming
 b - a +2,+0 crossbow (weapon)
 q - a +0,+0 dagger
Missiles
 e - 108 darts
 f - 11 darts of frost
 r - 37 bolts (quivered)
 z - 8 exploding darts
 H - 4 needles of confusion
 T - 5 javelins
Armour
 J - a +0 cap (worn)
 P - a +1 cloak (worn)
 U - a +0 leather armour (worn)
Magical devices
 o - a wand of enslavement (0)
 p - a wand of magic darts (6)
 B - a wand of heal wounds (0)
 D - a wand of random effects (7) {unknown}
 E - a wand of flame (7)
 N - a wand of digging (12) {unknown}
Scrolls
 i - a scroll of enchant armour {unknown}
 k - 4 scrolls of teleportation
 l - a scroll of enchant weapon II {unknown}
 u - a scroll of recharging {unknown}
 v - a scroll of curse jewellery {unknown}
 A - a scroll of random uselessness {unknown}
 C - 5 scrolls of remove curse
 I - a scroll of immolation {unknown}
 L - a scroll of curse weapon {unknown}
 R - a scroll of noise {unknown}
Jewellery
 n - a +3 ring of dexterity (left hand)
 y - a ring of sustain abilities (right hand)
Potions
 g - a potion of brilliance {unknown}
 j - 3 potions of curing
 w - a potion of speed {unknown}
 x - a potion of restore abilities
 K - a potion of cure mutation {unknown}
 O - a potion of poison {unknown}
 Q - a potion of mutation {unknown}
Books
 s - Sif Muna's Catalogue of Cold
   (You found it on level 3 of the Dungeon)

   Spells                             Type                      Level
   Freeze                             Ice                          1
 t - a book of Debilitation

   Spells                             Type                      Level
   *Corona                            Hexes                        1
   *Slow                              Hexes                        2
   *Inner Flame                       Hexes/Fire                   3
   *Enslavement                       Hexes                        4
   Cause Fear                         Hexes                        4
   Leda's Liquefaction                Hexes/Earth                  4
Rods
 c - a +1 rod of warding (13/13) {!a}
   (You found it on level 3 of the Dungeon)


   Skills:
 + Level 5.9 Fighting
 - Level 9.2 Crossbows
 - Level 1.7 Dodging
 - Level 2.5 Spellcasting
 - Level 8.0 Hexes


You had 3 spell levels left.
You knew the following spells:

 Your Spells              Type           Power        Failure   Level  Hunger
d - Slow                  Hex            ####....     1%          2    ##.....
f - Enslavement           Hex            ####....     10%         4    #####..
l - Inner Flame           Hex/Fire       ###.....     12%         3    ###....
s - Corona                Hex            ####...      1%          1    #......


Dungeon Overview and Level Annotations

Branches:
Dungeon (7/27)             Temple (1/1) D:6
    Orc: D:6-11

Altars:
Ashenzari
Cheibriados
Elyvilon
Fedhas
Kikubaaqudgha
Nemelex Xobeh
Sif Muna
Trog
Vehumet
Xom
Yredelemnul
Zin
the Shining One

Shops:
D:4: =


Message History

Firing (i - inventory. (,) - cycle):
r - 38 bolts (quivered)
Press: ? - help, Shift-Dir - straight line, f/p - trapdoor spider
Aim: a trapdoor spider (moving slowly, clinging)
You shoot a bolt. The bolt hits the trapdoor spider.
The trapdoor spider bites you!
* * * LOW HITPOINT WARNING * * *
You are more poisoned.
The trapdoor spider poisons you! The trapdoor spider bites you.
* * * LOW HITPOINT WARNING * * *
A jackal comes into view.
Casting: Corona
Confirm with . or Enter, or press ? or * to list all spells.
Aiming: Enslavement
Press: ? - help, Shift-Dir - straight line, f/p - trapdoor spider
Aim: a trapdoor spider (moving slowly, clinging)
You miscast Enslavement.
Waves of light ripple over your body.
You are very lightly contaminated with residual magic.
* * * LOW HITPOINT WARNING * * *
You feel sick. The trapdoor spider bites you!
You die...

....# ....# #### ...
... ... .. #.# #. #.#
#. #.# #.
#########.############.
#...(.@<...##..........
#.....s....##..........
#..........##..........
#..........##.........#
#..........##.........#
#..........##........%#
#........h.#####.......
#......................
#.....####.############


You could see a trapdoor spider and a jackal.

Vanquished Creatures
  Pikel (D:6)
  Eustachio (D:4)
  Menkaure (D:6)
  2 black bears (D:4)
  2 slaves (D:6)
  5 ogres
  A sky beast (D:6)
  2 ice beasts (D:5)
  A giant frog (D:7)
  2 giant frog zombies
  A killer bee (D:7)
  2 crimson imps (D:5)
  Crazy Yiuf (D:6)
  4 orc wizards
  4 scorpions (D:6)
  2 iguanas
  4 worker ants
  A worker ant zombie (D:6)
  Ijyb (D:4)
  A jelly (D:5)
  9 adders
  7 gnolls
  An adder skeleton (D:4)
  2 giant mites
  2 worms
  A bat skeleton (D:4)
  6 giant geckos
  An ooze (D:1)
  13 orcs
  9 hobgoblins
  14 kobolds
  A quokka (D:3)
  3 ball pythons
  16 bats
  4 giant cockroaches
  6 giant newts
  A giant spore (D:6)
  10 goblins
  3 jackals (D:1)
  An orc skeleton (D:4)
  10 rats
  A ballistomycete (D:6)
160 creatures vanquished.

Vanquished Creatures (collateral kills)
  A killer bee (D:7)
  An iguana (D:7)
  An orc wizard (D:3)
  A scorpion (D:7)
4 creatures vanquished.

Vanquished Creatures (others)
  A giant mite (D:6)
  A hobgoblin (D:4)
  2 fungi (D:6)
4 creatures vanquished.

Grand Total: 168 creatures vanquished

Notes
Turn   | Place    | Note
--------------------------------------------------------------
     0 | D:1      | Medar, the Djinni Arcane Marksman, began the quest for the Orb.
     0 | D:1      | Reached XP level 1. HP: 14/14 MP: 0/0
   149 | D:1      | Reached skill level 1 in Fighting
   349 | D:1      | Reached XP level 2. EP: 7/21
   861 | D:1      | Learned a level 2 spell: Slow
  1227 | D:1      | Reached XP level 3. EP: 24/27
  1344 | D:2      | Learned a level 3 spell: Inner Flame
  1435 | D:1      | Reached skill level 4 in Crossbows
  1582 | D:2      | Reached XP level 4. EP: 31/34
  1612 | D:2      | Reached skill level 5 in Crossbows
  2072 | D:3      | Found a deep blue altar of Sif Muna.
  2073 | D:3      | Identified a +1 rod of warding (13/13) (You found it on level 3 of the Dungeon)
  2114 | D:3      | Reached XP level 5. EP: 24/41
  2121 | D:3      | Identified Sif Muna's Catalogue of Cold
  2597 | D:3      | Reached skill level 6 in Crossbows
  2795 | D:4      | Noticed Ijyb
  2806 | D:4      | Killed Ijyb
  2832 | D:4      | Found a bloodstained altar of Trog.
  2832 | D:4      | Noticed a black bear
  2833 | D:4      | Noticed a black bear
  2938 | D:4      | Noticed Eustachio
  2955 | D:4      | Killed Eustachio
  2955 | D:4      | Reached skill level 5 in Hexes
  2955 | D:4      | Reached XP level 6. EP: 33/47
  3421 | D:4      | Found Lereplua's Jewellery Shop.
  3460 | D:5      | Entered Level 5 of the Dungeon
  3610 | D:4      | Killed a black bear
  3610 | D:4      | Reached skill level 7 in Hexes
  3610 | D:4      | Reached XP level 7. EP: 50/54
  3638 | D:4      | Learned a level 4 spell: Enslavement
  3770 | D:4      | Killed a black bear
  3895 | D:4      | Reached skill level 8 in Hexes
  3906 | D:4      | Found a shimmering altar of Xom.
  3966 | D:4      | Noticed an ogre
  4011 | D:4      | Killed an ogre
  5196 | D:5      | Reached XP level 8. EP: 49/64
  6647 | D:6      | Noticed Menkaure
  6655 | D:6      | Killed Menkaure
  6801 | D:6      | Noticed Crazy Yiuf
  6845 | D:6      | Killed Crazy Yiuf
  7008 | D:6      | Reached skill level 9 in Crossbows
  7050 | D:6      | Reached XP level 9. EP: 51/70
  7495 | D:6      | Noticed Pikel
  7927 | D:6      | Killed Pikel
  7927 | D:6      | Reached skill level 5 in Fighting
  7970 | D:6      | Found a staircase to the Ecumenical Temple.
  7975 | Temple   | Entered the Ecumenical Temple
  8162 | Temple   | Upgraded the game from 0.13-a0-1585-g6f4f798 to 0.13-a0-1606-g53bcbbc
  8180 | Temple   | Became a worshipper of the Shining One
  8223 | D:6      | Was placed under penance by the Shining One
  8799 | D:7      | Fell from the grace of the Shining One
  8868 | Temple   | Became a worshipper of the Shining One
  8902 | D:7      | Slain by a trapdoor spider

Action                   |  1- 3 |  4- 6 |  7- 9 || total
-------------------------+-------+-------+-------++-------
Melee: Dagger            |    63 |    78 |    61 ||   202
       Short sword       |       |       |   132 ||   132
       Blowgun           |       |       |     2 ||     2
       Crossbow          |       |       |     2 ||     2
       Whip              |       |       |    42 ||    42
 Fire: Crossbow          |    30 |    48 |   150 ||   228
       Blowgun           |       |    26 |    29 ||    55
Throw: Dart              |    18 |       |    19 ||    37
 Cast: Corona            |     6 |    16 |    28 ||    50
       Slow              |     1 |    14 |    43 ||    58
       Enslavement       |       |       |     7 ||     7
       Inner Flame       |       |       |     2 ||     2
Evoke: Wand              |     1 |     6 |     6 ||    13
  Use: Scroll            |     4 |     3 |     6 ||    13
       Potion            |       |       |     3 ||     3
